 Dungeon Crawl Stone Soup version 0.28-a0-476-g0f06bd746f (webtiles) character file.

Game seed: 4908059130757694202

10542 robertstho the Protected (level 11, -1/71 HPs)
             Began as a Tengu Berserker on Sept 16, 2021.
             Was a High Priest of Trog.
             Killed from afar by Urug (32 damage)
             ... with a bolt of acid
             ... on level 10 of the Dungeon.
             The game lasted 00:14:15 (12013 turns).

robertstho the Protected (Tengu Berserker)         Turns: 12013, Time: 00:14:16

Health: -1/71      AC: 13    Str: 20    XL:     11   Next: 63%
Magic:  21/21      EV:  7    Int:  8    God:    Trog [*****.]
Gold:   727        SH: 15    Dex: 17    Spells: 10/10 levels left

rFire   + + +      SeeInvis .   K - +8 double sword of the Shining Light {drain, rPois rF++}
rCold   + + .      Faith    .   u - +0 tower shield
rNeg    . . .      Spirit   .   t - +3 chain mail
rPois   +          Reflect  .   (helmet restricted)
rElec   .          Harm     .   y - +1 cloak
rCorr   .          Rampage  .   (no gloves)
Will    .....                   (boots unavailable)
Stlth   ..........              (no amulet)
HPRegen 0.21/turn               a - ring of Lucusch {rC++ MP+9 Dex+3}
MPRegen 0.17/turn               N - ring of protection from fire

@: corroded, flying quickly and evasively, quick
A: beak, talons 3, nimble flight
a: Renounce Religion, Berserk, Trog's Hand, Brothers in Arms


You were on level 10 of the Dungeon.
You worshipped Trog.
Trog was extremely pleased with you.
You visited 1 branch of the dungeon, and saw 10 of its levels.

You collected 727 gold pieces.

Inventory:

Hand Weapons
 D - a +0 war axe
 F - a +0 broad axe
 K - the +8 double sword of the Shining Light (weapon) {drain, rPois rF++}
   (You took it off a deep elf pyromancer on level 9 of the Dungeon)

   A truly terrible weapon, it drains the life of any living foe it strikes.
   rF:        It greatly protects you from fire.
   rPois:     It protects you from poison.
 L - a +2 scimitar of flaming
Missiles
 O - a throwing net (quivered)
Armour
 t - a +3 chain mail (worn)
 u - a +0 tower shield (worn)
 y - a +1 cloak (worn)
 M - +0 fire dragon scales
Jewellery
 a - the ring of Lucusch (left hand) {rC++ MP+9 Dex+3}
   (You acquired it on level 6 of the Dungeon)

   [ring of magical power]

   Dex:       It affects your dexterity (+3).
   rC:        It greatly protects you from cold.
   MP:        It affects your magic capacity (+9).
 o - a ring of protection from cold
 x - a ring of resist corrosion
 N - a ring of protection from fire (right hand)
Wands
 G - a wand of paralysis (6)
 J - a wand of iceblast (4)
Scrolls
 b - 3 scrolls of teleportation
 e - 4 scrolls of enchant weapon
 h - a scroll of summoning {unknown}
 k - 2 scrolls of vulnerability {unknown}
 l - 2 scrolls of amnesia {unknown}
 m - 2 scrolls of noise {unknown}
 n - 4 scrolls of immolation {unknown}
 q - 2 scrolls of magic mapping
 s - a scroll of fear
 v - 2 scrolls of fog
 A - a scroll of holy word
 E - a scroll of enchant armour
Potions
 d - a potion of heal wounds
 f - a potion of ambrosia
 g - 2 potions of flight {unknown}
 i - 4 potions of lignification {unknown}
 j - 2 potions of haste {unknown}
 p - a potion of invisibility {unknown}
 r - 5 potions of curing {unknown}
 w - 2 potions of attraction {unknown}
 z - 2 potions of cancellation
 B - a potion of magic
 H - a potion of resistance


   Skills:
 * Level 9.6 Fighting
 + Level 4.6 Long Blades
 + Level 10.0 Axes
 * Level 10.8 Armour
 + Level 4.3 Dodging
 + Level 1.0 Stealth
 + Level 6.3 Shields


You had 10 spell levels left.
You didn't know any spells.
Your spell library was empty.

Dungeon Overview and Level Annotations

Branches:
Dungeon (10/15)            Temple (0/1) D:4             Orc (0/2) D:9
   Lair: D:8-11

Altars:
Ashenzari
Cheibriados
Elyvilon
Hepliaklqana
Makhleb
Nemelex Xobeh
Yredelemnul
The Shining One

Shops:
D:1 =

Annotations:
D:10 Urug


Innate Abilities, Weirdness & Mutations

You have a beak for a mouth.
You have claws for feet.
Your magical nature lets you fly swiftly and evasively.


Message History

Done exploring.
Done exploring.
Done exploring.
Done exploring.
Okay, then.
Drop what? 42/52 slots (_ for help) (? for menu, Esc to quit)
You drop a wand of charming (10).
You drop a wand of flame (19).
You drop an amulet of faith.
As you read the scroll of identify, it crumbles to dust.
E - a scroll of enchant armour
As you read the scroll of identify, it crumbles to dust.
f - a potion of ambrosia
As you read the scroll of identify, it crumbles to dust.
A - a scroll of holy word
As you read the scroll of identify, it crumbles to dust.
H - a potion of resistance
(D) Dungeon (T) Temple (O) Orcish Mines
Where to? (Enter - D:9, ? - help)
There is a stone staircase leading down here.
You fly downwards.
Urug shouts!
Found a plate armour and an encrusted moonstone ring.
There is a stone staircase leading up here.
Urug is nearby!
Urug zaps a wand.
The bolt of acid hits you!!
Urug zaps a wand.
The bolt of acid hits you! The acid corrodes you!
You slash Urug! You claw Urug.
Urug is moderately wounded.
Urug zaps a wand.
The bolt of acid hits you!!
* * * LOW HITPOINT WARNING * * *
The acid corrodes you! Urug barely misses you.
You are too injured to fight recklessly!
You are too injured to fight recklessly!
You are too injured to fight recklessly!
Okay, then.
You feel much better. Urug hits you with a +5 broad axe!!
* * * LOW HITPOINT WARNING * * *
You feel much better.
Urug zaps a wand.
The bolt of acid hits you!!
You die...

#.. #.........
...##...#.....
.#............ ##.
........... .
...##.......... ...
#..........[.#
.....#.##.........#
#.o@...<.......
#....#####.##....
....#.. .# =
......# .# . ....
## ...... .....
.....


You could see Urug.

Vanquished Creatures
  A boulder beetle (D:9)
  A centaur warrior (D:9)
  A two-headed ogre (D:8)
  A deep elf pyromancer (D:9)
  An ugly thing (D:9)
  A cyclops (D:9)
  A manticore (D:9)
  A troll (D:9)
  Grinder (D:5)
  A slime creature (D:9)
  A vampire (D:9)
  A wyvern (D:9)
  A steam dragon (D:8)
  2 yaks (D:9)
  2 vampire mosquitoes (D:9)
  Menkaure (D:5)
  4 ice beasts
  A hornet zombie (D:7)
  5 orc warriors
  A sky beast (D:7)
  A black bear (D:5)
  3 centaurs
  A necrophage (D:5)
  A phantom (D:4)
  2 kobold brigands
  2 gnoll sergeants
  A wyvern zombie (D:8)
  A water moccasin zombie (D:5)
  3 scorpions
  2 wyvern skeletons (D:7)
  4 water moccasin skeletons
  8 wights
  4 killer bees (D:9)
  4 howler monkeys
  A jelly (D:8)
  A crimson imp (D:7)
  5 hounds
  3 centaur zombies
  2 centaur skeletons
  A bullfrog zombie (D:6)
  11 orc priests
  A gnoll shaman (D:6)
  Natasha (thrice) (D:2)
  Terence (D:2)
  5 iguanas
  6 orc wizards
  A killer bee zombie (D:8)
  A howler monkey skeleton (D:4)
  3 howler monkey zombies
  2 adders
  12 gnolls
  An ufetubus (D:5)
  7 worms
  A dart slug (D:1)
  51 orcs
  9 bats
  6 endoplasms
  A giant cockroach (D:2)
  6 goblins
  6 hobgoblins
  4 jackals (D:1)
  3 quokkas
  6 ball pythons
  2 frilled lizards
  A jackal skeleton (D:4)
  8 kobolds
  5 rats
242 creatures vanquished.

Vanquished Creatures (collateral kills)
  An ugly thing (D:9)
  An efreet (D:9)
  A wyvern (D:9)
  A water moccasin (D:9)
  An orc warrior (D:9)
  A centaur zombie (D:9)
  An orc (D:9)
7 creatures vanquished.

Vanquished Creatures (others)
  An ugly thing (D:9)
1 creature vanquished.

Grand Total: 250 creatures vanquished

Notes
Turn   | Place    | Note
-------+----------+-------------------------------------------
     0 | D:1      | robertstho the Tengu Berserker began the quest for the Orb.
     0 | D:1      | Reached XP level 1. HP: 14/14 MP: 2/2
   219 | D:1      | Reached XP level 2. HP: 18/19 MP: 3/3
   624 | D:1      | Found Rahon's Jewellery Emporium.
   634 | D:1      | Reached XP level 3. HP: 20/23 MP: 4/4
   784 | D:1      | Reached ** piety under Trog
   997 | D:1      | Found a faded altar of an unknown god.
  1458 | D:2      | Noticed Terence
  1464 | D:2      | Killed Terence
  1465 | D:2      | Reached XP level 4. HP: 29/29 MP: 5/5
  1713 | D:2      | Noticed Natasha
  1719 | D:2      | Killed Natasha
  2279 | D:2      | Gained mutation: Your magical nature lets you fly swiftly
                  | and evasively. [Tengu growth]
  2279 | D:2      | Reached XP level 5. HP: 32/33 MP: 6/6
  2297 | D:2      | Noticed Natasha
  2302 | D:2      | Killed Natasha
  2394 | D:2      | Noticed Natasha
  2402 | D:2      | Killed Natasha
  3072 | D:3      | Reached XP level 6. HP: 38/38 MP: 7/7
  3137 | D:4      | Reached *** piety under Trog
  3384 | D:4      | Reached skill level 5 in Fighting
  3505 | D:4      | Reached XP level 7. HP: 40/44 MP: 8/8
  3575 | D:4      | Found a staircase to the Ecumenical Temple.
  3599 | D:4      | Reached skill level 5 in Axes
  3948 | D:4      | Found a broken altar of Ashenzari.
  3948 | D:4      | Found a hazy altar of Hepliaklqana.
  4057 | D:5      | Entered Level 5 of the Dungeon
  4214 | D:5      | Reached skill level 5 in Armour
  4334 | D:5      | Reached XP level 8. HP: 38/51 MP: 9/9
  4456 | D:5      | Reached skill level 1 in Shields
  5088 | D:5      | Noticed Grinder
  5183 | D:5      | Paralysed by Grinder for 2 turns
  5186 | D:5      | Killed Grinder
  5499 | D:5      | Noticed Menkaure
  5508 | D:5      | Killed Menkaure
  6270 | D:6      | Reached **** piety under Trog
  6271 | D:6      | Reached XP level 9. HP: 55/56 MP: 10/10
  6861 | D:6      | Identified a scroll of acquirement
  6863 | D:6      | Acquired the ring of Lucusch {rC++ MP+9 Dex+3}
  7470 | D:7      | Found a burning altar of Makhleb.
  8013 | D:7      | Found a basalt altar of Yredelemnul.
  8204 | D:7      | Found a white marble altar of Elyvilon.
  8778 | D:8      | Noticed a two-headed ogre
  8785 | D:8      | Killed a two-headed ogre
  8786 | D:8      | Reached skill level 1 in Stealth
  8786 | D:8      | Reached XP level 10. HP: 64/64 MP: 11/11
  9260 | D:8      | Reached ***** piety under Trog
  9316 | D:8      | Reached skill level 5 in Shields
  9761 | D:9      | Found a sparkling altar of Nemelex Xobeh.
  9776 | D:9      | Found a snail-covered altar of Cheibriados.
  9788 | D:9      | Noticed a centaur warrior
  9799 | D:9      | Killed a centaur warrior
 10302 | D:9      | Identified the +8 double sword of the Shining Light {drain,
                  | rPois rF++}
 10302 | D:9      | Noticed a deep elf pyromancer
 10322 | D:9      | Killed a deep elf pyromancer
 10323 | D:9      | Reached skill level 10 in Armour
 10535 | D:9      | Noticed a cyan ugly thing
 10542 | D:9      | Killed a cyan ugly thing
 10543 | D:9      | Reached XP level 11. HP: 57/71 MP: 12/12
 10606 | D:9      | Noticed a manticore
 10610 | D:9      | Killed a manticore
 10611 | D:9      | Reached skill level 1 in Long Blades
 10611 | D:9      | Reached skill level 10 in Axes
 10611 | D:9      | Noticed a brown ugly thing
 10613 | D:9      | Noticed a green ugly thing
 10686 | D:9      | Noticed a boulder beetle
 11060 | D:9      | Killed a boulder beetle
 11171 | D:9      | Noticed a cyclops
 11180 | D:9      | Killed a cyclops
 11184 | D:9      | Killed a brown ugly thing
 11185 | D:9      | Killed a brown ugly thing
 11384 | D:9      | Identified the +2 short sword of the Moon {freeze, Contam
                  | rCorr Int+2 Dex+2}
 11716 | D:9      | Found a staircase to the Orcish Mines.
 11958 | D:9      | Found a glowing golden altar of the Shining One.
 12006 | D:10     | Entered Level 10 of the Dungeon
 12006 | D:10     | Noticed Urug
 12013 | D:10     | Killed from afar by Urug

Illustrated notes

Levels and vault maps discovered:
D:1:      nagdon_arrival_double_spiral, layout_basic, serial_shops, shop_statue,
          shapermc_ecumenical_altar_petra, minmay_tetromino_l4
D:2:      layout_loops_ring, uniq_natasha, uniq_terence
D:3:      layout_rooms
D:4:      layout_loops_ring, gammafunk_temple_overflow_elements,
          minmay_temple_entry_mist
D:5:      layout_gridville, minmay_misc_feat_five, eino_curves_02,
          uniq_crazy_yiuf_cottage, uniq_grinder, uniq_menkaure
D:6:      layout_layer_cave, hangedman_abyss_or_decor_jellyfish_corner,
          grunt_ministairs_15
D:7:      layout_layer_cave, kennysheep_ying_yang, makhleb_grotto_becter,
          grunt_ministairs_9, minivault_24
D:8:      layout_gridville, minivault_21
D:9:      minmay_the_grid_square_5x5_4x4
          [minmay_the_grid_square_5x5_broken_cross,
          minmay_the_grid_square_5x5_inner_v,
          minmay_the_grid_square_5x5_percent,
          minmay_the_grid_square_5x5_moneybag,
          minmay_the_grid_square_5x5_corner,
          minmay_the_grid_square_5x5_prize_itemx,
          minmay_the_grid_square_5x5_prize_deathbox,
          minmay_the_grid_square_5x5_sharp_hourglass,
          minmay_the_grid_square_5x5_six_small,
          minmay_the_grid_square_5x5_prize_rear_guard,
          minmay_the_grid_square_5x5_prize_waves,
          minmay_the_grid_square_5x5_shrine2,
          minmay_the_grid_square_5x5_gyroscope,
          minmay_the_grid_square_5x5_two_walls_b,
          minmay_the_grid_square_5x5_almost_minimal,
          minmay_the_grid_square_5x5_eight], layout_rooms,
          mainiacjoe_overflow_chevrons, tso_altar, lemuel_crystal_altar,
          hiddenorc2_lemuel, minmay_bent
D:10:     layout_rooms, uniq_urug

Skill      XL: |  1  2  3  4  5  6  7  8  9 10 11 |
---------------+----------------------------------+-----
Fighting       | 4 5 6 8 9 |  9.6
Axes           | 4 5 7 8 9 10 | 10.0
Armour         | 3 4 5 7 9 10 | 10.8
Dodging        | 3 4 |  4.3
Shields        | 2 4 5 6 |  6.3
Stealth        | 1 |  1.0
Long Blades    | 4 |  4.6

Action                   |  1- 3 |  4- 6 |  7- 9 | 10-12 || total
-------------------------+-------+-------+-------+-------++-------
Melee: Hand axe          |    72 |   104 |   186 |       ||   362
       Kick              |    16 |    36 |   101 |    69 ||   222
       Peck              |     7 |    22 |    64 |    42 ||   135
       War axe           |       |       |    95 |       ||    95
       Broad axe         |       |       |     5 |    83 ||    88
       Double sword      |       |       |       |   105 ||   105
Invok: Berserk           |     1 |     2 |    14 |     7 ||    24
       Trog's Hand       |       |       |       |     2 ||     2
       Brothers in Arms  |       |       |       |     2 ||     2
  Use: Scroll            |       |       |    11 |     5 ||    16
       Potion            |       |       |       |     3 ||     3
 Stab: Sleeping          |     2 |       |       |       ||     2
Armor: Animal skin       |    19 |       |       |       ||    19
       Chain mail        |    15 |    27 |   171 |   128 ||   341
Dodge: Dodged            |    46 |    43 |    58 |    50 ||   197
Block: Tower shield      |       |       |   195 |   193 ||   388

Table legend: (Time is in decaauts)
 A = Elapsed time spent in this place.
 B = Non-inter-level travel time spent in this place.
 C = Inter-level travel time spent in this place.
 D = Time resting spent in this place.
 E = Time spent auto-exploring this place.
 F = Levels seen in this place.
 G = Mean time per level.
                   A        B        C        D        E       F      G
               +--------+--------+--------+--------+--------+-----+--------+
         Total |  12115 |  11815 |    300 |   2159 |   7807 |  10 | 1211.5 |
       Dungeon |  12115 |  11815 |    300 |   2159 |   7807 |  10 | 1211.5 |
               +--------+--------+--------+--------+--------+-----+--------+

Top non-repeatable levels by time:
     D:5: 2000 daAuts
     D:9: 1932 daAuts
     D:7: 1433 daAuts
     D:2: 1433 daAuts
     D:1: 1347 daAuts
     D:8: 1271 daAuts
     D:6: 1231 daAuts
     D:4: 1064 daAuts
     D:3: 393 daAuts
    D:10: 7 daAuts
